 Dungeon Crawl Stone Soup version 0.25.1-2-g60ff931df9 (console) character file.

Game seed: 4548872860795352671

340 Colgate the Stinger (level 6, 17/24 HPs)
             Began as a Felid Venom Mage on Aug 16, 2020.
             Quit the game on level 3 of the Dungeon.
             The game lasted 00:28:36 (4079 turns).

Colgate the Stinger (Felid Venom Mage)              Turns: 4079, Time: 00:28:37

Health: 17/24      AC:  2    Str:  4    XL:     6   Next: 30%
Magic:  0/10       EV: 18    Int: 18    God:
Gold:   209        SH:  0    Dex: 17    Spells: 3/9 levels left
                                        Lives:  1   Deaths: 0

rFire    . . .     SeeInvis +   (weapon unavailable)
rCold    . . .     Gourm    .   (shield unavailable)
rNeg     . . .     Faith    .   (armour unavailable)
rPois    .         Spirit   .   (helmet unavailable)
rElec    .         Reflect  .   (cloak unavailable)
rCorr    .         Harm     .   (gloves unavailable)
MR       .....                  (boots unavailable)
Stlth    +++.......             (no amulet)
HPRegen  0.08/turn              c - ring of flight
MPRegen  0.12/turn              (no ring)

@: quick
A: very small, no armour, no weapons or thrown items, stealth, claws 1, fangs 3,
see invisible, carnivore, speed 1, shaggy fur 2, slow metabolism 1, sharp paws
a: Evoke Flight


You were on level 3 of the Dungeon.
You were very full.

You visited 1 branch of the dungeon, and saw 3 of its levels.

You collected 209 gold pieces.

Inventory:

Jewellery
 c - a ring of flight (left paw)
Scrolls
 d - 4 scrolls of teleportation {unknown}
 e - a scroll of amnesia {unknown}
 f - 3 scrolls of identify {unknown}
 h - a scroll of immolation {unknown}
 j - a scroll of fog {unknown}
 k - 2 scrolls of magic mapping {unknown}
Potions
 a - a potion of might {unknown}
 g - 2 potions of curing {unknown}
 i - 4 potions of cancellation {unknown}
 l - 2 potions of lignification {unknown}
 m - 2 potions of mutation {unknown}
Comestibles
 b - 6 rations


   Skills:
 - Level 2.6 Dodging
 - Level 4.1 Stealth
 - Level 2.0 Spellcasting
 - Level 1.1 Transmutations
 - Level 3.1 Air Magic
 + Level 5.1 Poison Magic


You had 3 spell levels left.
You knew the following spells:

 Your Spells              Type           Power        Failure   Level  Hunger
a - Sting                 Tmut/Pois      ##..         4%          1    #......
b - Poisonous Vapours     Pois/Air       ###...       4%          2    ###....
c - Mephitic Cloud        Conj/Pois/Air  ##......     17%         3    ###....

Your spell library contained the following spells:

 Spells                   Type           Power        Failure   Level  Hunger
 Ignite Poison            Fire/Tmut/Pois #.......     22%         3    ###....
 Olgreb's Toxic Radiance  Pois           ###.....     22%         4    #####..


Dungeon Overview and Level Annotations

Branches:
Dungeon (3/15)

Altars:
Gozag


Innate Abilities, Weirdness & Mutations

You cannot wear armour.
You are incapable of wielding weapons or throwing items.
Your paws allow you to move quietly. (Stealth)
You have sharp claws.
You have razor-sharp teeth.
You have supernaturally acute eyesight. (SInv)
You are carnivorous and can eat meat at any time.
You cover ground quickly.
You are covered in thick fur. (AC +2)
You have a slow metabolism.
Your sharp claws are effective at attacking unaware monsters.


Message History

Aim: Ijyb, wielding a +0 short sword, wearing a +0 leather armour and carrying a wand of flame (8) (moderately wounded, confused, poisoned) Poisonous vapours surround Ijyb!
Ijyb is engulfed in poison gas.
Ijyb looks even sicker.
Ijyb screams, "Me back to killing you soon!"
Casting: Poisonous Vapours (safe; 5% risk of failure)
Confirm with . or Enter, or press ? or * to list all spells.
Aiming: Poisonous Vapours (safe; 5% risk of failure)
Press: ? - help, Dir - move target cursor, f/p - Ijyb
Aim: Ijyb, wielding a +0 short sword, wearing a +0 leather armour and carrying a wand of flame (8) (heavily wounded, confused, very poisoned) Poisonous vapours surround Ijyb!
Ijyb is engulfed in poison gas.
Ijyb looks even sicker.
Casting: Poisonous Vapours (safe; 5% risk of failure)
Confirm with . or Enter, or press ? or * to list all spells.
You don't have enough magic to cast that spell.
Unknown command.
You scratch Ijyb but do no damage.
Ijyb is severely wounded.
You scratch Ijyb. You bite Ijyb.
You kill Ijyb!
Welcome back, Colgate the Felid Venom Mage.
Press ? for a list of commands and other information.
Are you sure you want to abandon this character and quit the game? (Confirm with "yes".)

#........#.#.# .. .
#........#.#.# #..
#........#.#.######....
#.#.......[#...........
#..............[.......
#####..................
#..................
#.[............##.#
#..............# .
#.....)........# ########
#....@...........
#......#
#..............##
#......# ###'##+######..#
#......# #.##.# ####..#
#......#####.##.# #.....#
#............##.# #.....#
#...............###.....#
###+#...................#
#.#.######.##.######..#
#.<..............# #..#
.... #.#.######)##.##.#
#..# ....


There were no monsters in sight!

Vanquished Creatures
  Sigmund (D:3)
  Ijyb (D:3)
  An orc wizard (D:3)
  Natasha (thrice) (D:2)
  An adder (D:3)
  An ooze (D:3)
  2 dart slugs
  2 orcs (D:3)
  A giant cockroach (D:3)
  3 goblins
  3 hobgoblins (D:1)
  3 quokkas (D:2)
  3 bats
  5 frilled lizards
  7 kobolds
  9 rats
46 creatures vanquished.

Notes
Turn   | Place    | Note
-------+----------+-------------------------------------------
     0 | D:1      | Colgate the Felid Venom Mage began the quest for the Orb.
     0 | D:1      | Reached XP level 1. HP: 7/7 MP: 4/4
   833 | D:1      | Reached skill level 3 in Poison Magic
  1107 | D:1      | Reached XP level 2. HP: 11/11 MP: 3/6
  1111 | D:1      | Learned a level 2 spell: Poisonous Vapours
  1339 | D:2      | Noticed Natasha
  1353 | D:2      | Killed Natasha
  1353 | D:2      | Reached XP level 3. HP: 7/14 MP: 4/7
  1683 | D:2      | Found an opulent altar of Gozag.
  1942 | D:2      | Reached skill level 4 in Poison Magic
  1945 | D:2      | Noticed Natasha
  1949 | D:2      | Killed Natasha
  1954 | D:2      | Noticed Natasha
  2124 | D:2      | Killed Natasha
  2124 | D:2      | Reached XP level 4. HP: 10/18 MP: 1/8
  2957 | D:3      | Noticed Sigmund
  3565 | D:3      | Noticed Ijyb
  3828 | D:3      | Reached skill level 5 in Poison Magic
  3828 | D:3      | Reached XP level 5. HP: 21/21 MP: 0/9
  3908 | D:3      | Killed Sigmund
  3908 | D:3      | Gained mutation: You are covered in thick fur. (AC +2)
                  | [Felid growth]
  3908 | D:3      | Reached XP level 6. HP: 14/24 MP: 1/10
  4047 | D:3      | Learned a level 3 spell: Mephitic Cloud
  4078 | D:3      | Killed Ijyb
  4079 | D:3      | Quit the game

Illustrated notes

Levels and vault maps discovered:
D:1:      minmay_arrival_nine_rooms, layout_basic
D:2:      layout_basic, nicolae_gozag_seed_capital, uniq_natasha
D:3:      layout_basic, nicolae_overflow_hidden_temple, uniq_robin, uniq_ijyb,
          uniq_sigmund

Skill      XL: |  1  2  3  4  5 |
---------------+----------------+-----
Poison Magic   | 3 4 5 |  5.1
Stealth        | 3 4 |  4.1
Air Magic      | 3 |  3.1
Dodging        | |  2.6
Spellcasting   | |  2.0
Transmutations | |  1.1

Action                   |  1- 3 |  4- 6 || total
-------------------------+-------+-------++-------
Melee: Unarmed           |     5 |    10 ||    15
       Bite              |       |     1 ||     1
 Cast: Sting             |    18 |    16 ||    34
       Poisonous Vapours |    12 |    23 ||    35
       Mephitic Cloud    |       |     1 ||     1
 Stab: Sleeping          |     5 |     7 ||    12
  Eat: Chunk             |    10 |     5 ||    15
Dodge: Dodged            |     4 |    12 ||    16
